 Dungeon Crawl Stone Soup version 0.32-a0-131-g9dbbe29261 (webtiles) character file.

Game seed: 3575254185273945345

2431 Esekla the Covert (level 9, 0/62 HPs)
             Began as an Octopode Delver on Feb 8, 2024.
             Was an Initiate of Gozag.
             Slain by a killer bee (9 damage)
             ... on level 8 of the Dungeon.
             The game lasted 00:50:37 (9724 turns).

Esekla the Covert (Octopode Delver)                 Turns: 9724, Time: 00:50:38

Health: 0/62       AC:  1    Str: 10    XL:     9   Next: 48%
Magic:  15/15      EV: 15    Int: 19    God:    Gozag
Gold:   290        SH:  0    Dex: 13    Spells: 7/16 levels left

rFire   . . .        a - +0 long sword
rCold   . . .        (no shield)
rNeg    + + .        (helmet restricted)
rPois   .            (no amulet)
rElec   .            j - ring of Amukue {rN++ Will+ Str-2 Int+3 SInv}
rCorr   .            (no ring)
SInv    +            (no ring)
Will    +....        (no ring)
Stlth   +++++        (no ring)
HPRegen 0.30/turn    (no ring)
MPRegen 0.14/turn    (no ring)
                     (no ring)

%: no passive effects
@: lethally poisoned (0 -> -4), gold aura
A: almost no armour, amphibious, 8 rings, camouflage 1, gelatinous body 1,
(nimble swimmer 1), tentacles, wild magic 1
a: Renounce Religion, Potion Petition, Call Merchant, Bribe Branch


You were on level 8 of the Dungeon.
You worshipped Gozag.
Gozag was aware of your devotion.
You visited 2 branches of the dungeon, and saw 9 of its levels.

You collected 1333 gold pieces.
You spent 270 gold pieces at shops.
You paid 773 gold pieces to Gozag.

Inventory:

Hand Weapons
 a - a +0 long sword (weapon)
 r - a +0 trident
 s - a +0 dagger
Missiles
 h - 3 poisoned darts (quivered)
Jewellery
 j - the ring of Amukue (left tentacle) {rN++ Will+ Str-2 Int+3 SInv}
   (You took it off an orc wizard on level 6 of the Dungeon)

   [ring of willpower]

   Str-2:     It affects your strength (-2).
   Int+3:     It affects your intelligence (+3).
   rN++:      It greatly protects you from negative energy.
   Will+:     It increases your willpower.
   SInv:      It lets you see invisible.
Wands
 f - a wand of digging (3)
 q - a wand of flame (37)
Scrolls
 b - 2 scrolls of fog
 c - 2 scrolls of enchant armour
 d - a scroll of enchant weapon {unknown}
 e - a scroll of acquirement {unknown}
 i - a scroll of immolation {unknown}
 k - a scroll of poison {unknown}
 n - 2 scrolls of vulnerability {unknown}
 p - a scroll of silence {unknown}
 t - a scroll of blinking {unknown}
 u - a scroll of amnesia {unknown}
 x - a scroll of summoning {unknown}
 y - a scroll of brand weapon {unknown}
 C - a scroll of noise {unknown}
Potions
 g - 3 potions of mutation
 l - a potion of invisibility
 m - 2 potions of might
 o - a potion of curing
 v - a potion of lignification
 w - 2 potions of haste
 z - a potion of magic
 A - a potion of enlightenment
 B - a potion of brilliance {unknown}


   Skills:
 * Level 5.9 Fighting
 + Level 1.3(3.8) Short Blades
 + Level 5.6(5.8) Long Blades
 + Level 1.2 Throwing
 * Level 5.4 Dodging
 + Level 9.5 Stealth
 * Level 4.3 Spellcasting
 * Level 1.9 Translocations
 * Level 1.9 Fire Magic
 * Level 2.6 Air Magic
 + Level 0.1 Evocations


You had 7 spell levels left.
You knew the following spells:

 Your Spells              Type           Power      Damage    Failure   Level
b - Blink                 Tloc           28%        N/A       14%         2
k - Airstrike             Air            9%         2d(2-18)  50%         4
q - Swiftness             Air            18%        N/A       21%         3

Your spell library contained the following spells:

 Spells                   Type           Power      Damage    Failure   Level
 Shock                    Conj/Air       44%        1d5       12%         1
 Lesser Beckoning         Tloc           28%        N/A       14%         2
 Momentum Strike          Conj/Tloc      20%        3d8       21%         2
 Ensorcelled Hibernation  Hex/Ice        10%        N/A       28%         2
 Passwall                 Erth           5%         N/A       45%         3
 Brom's Barrelling Bould  Conj/Erth      5%         2d3       85%         4
 Fireball                 Conj/Fire      5%         3d5       96%         5
 Iskenderun's Battlesphe  Conj           5%         2d6       99%         5
 Conjure Ball Lightning   Conj/Air       5%         3x3d6     100%        6
 Orb of Destruction       Conj           2%         9d5       100%        7


Dungeon Overview and Level Annotations

Branches:
Dungeon (8/15)             Temple (1/1) D:5
   Lair: D:8-11

Altars:
Ashenzari
Cheibriados
Dithmenos
Elyvilon
Fedhas
Gozag
Hepliaklqana
Makhleb
Nemelex Xobeh
Okawaru
Qazlal
Ru
Sif Muna
Trog
Uskayaw
Vehumet
Wu Jian
Yredelemnul
Zin
The Shining One

Shops:
D:5 :   D:7 [

Annotations:
D:3 1 runed translucent door, horus123's ghost, amateur DrEE
D:6 Prince Ribbit
D:8 Maurice


Innate Abilities, Weirdness & Mutations

You cannot wear most types of armour.
You are amphibious.
You can wear up to eight rings at the same time.
Your skin changes colour to match your surroundings (Stealth+).
Your rubbery body absorbs attacks. (AC +1, EV +1)
((You are camouflaged when in or above water. (Stealth+)))
You have tentacles for arms and can constrict up to eight enemies at once.
Your spells are a little harder to cast, but a little more powerful.


Message History

The killer bee is severely wounded.
You constrict the killer bee.
You feel very sick. The killer bee completely misses you.
The killer bee misses you.
You hit the killer bee.
You kill the killer bee!
You feel sick. The killer bee stings you!
You hit the killer bee but do no damage.
Your grab misses the killer bee. Your squeeze misses the killer bee.
You feel sick. The killer bee closely misses you.
The killer bee barely misses you.
The killer bee is distracted by your dazzling golden aura.
The wight hits you from afar with a +5 spear!
* * * LOW HITPOINT WARNING * * *
The killer bee buzzes angrily.
You feel much better.
You feel sick.
The killer bee is no longer distracted by gold.
The killer bee misses you.
The orc warrior is distracted by your dazzling golden aura.
The killer bee misses you. The wight barely misses you.
You closely miss the killer bee.
The orc warrior shouts!
Your grab misses the killer bee.
You feel sick.
The orc warrior is no longer distracted by gold.
The killer bee completely misses you. The killer bee closely misses you.
The wight barely misses you.
You hit the killer bee. Your grab misses the killer bee.
The killer bee is moderately wounded.
You feel sick. The killer bee stings you!
You are more poisoned.
The killer bee poisons you!
The killer bee stings you but does no damage.
The wight barely misses you.
You slash the killer bee! Your grab misses the killer bee.
The killer bee is almost dead.
You feel sick. The killer bee stings you!
* * * LOW HITPOINT WARNING * * *
The killer bee stings you!
You die...
Your body crumbles into a pile of gold.

#.............#..##
.).#..#.....#.....#
..#...#.....##.#..### ####
.....#......##......# ##...
#...........yy......# ##....
......#.....####o#..########.....
....######## #Kz........###....
....##.....## #y##........###...
............## #@##.........##.##
...f.........###.##..............
.......$....f.......z............
........$........##.z.<..........
.(...............##.f...<........
.............#...############....
.............#...# #....
............###### #####
....##.....##


You could see an orc warrior, a killer bee, a wight and a kobold.

Vanquished Creatures
  Psyche (D:7)
  Menkaure (D:5)
  A black bear (D:4)
  An orc warrior (D:7)
  An ogre (D:5)
  A centaur (D:8)
  A lemure (D:6)
  2 phantoms (D:6)
  2 bullfrogs
  2 scorpions
  3 wights
  A killer bee (D:8)
  2 howler monkeys
  4 bombardier beetles
  A jelly (D:6)
  5 orc priests
  3 hounds
  5 iguanas
  3 gnoll boudas
  A sleepcap (D:8)
  4 orc wizards
  4 adders
  16 gnolls
  A white imp (D:7)
  2 ufetubi (D:7)
  A ribbon worm (D:4)
  2 dart slugs (D:2)
  22 orcs
  6 ball pythons
  10 bats
  An endoplasm (D:1)
  3 giant cockroaches
  A goblin (D:2)
  6 hobgoblins
  17 jackals
  8 kobolds
  A quokka (D:1)
  2 frilled lizards (D:1)
  5 rats
153 creatures vanquished.

Vanquished Creatures (others)
  A bat (D:7)
1 creature vanquished.

Grand Total: 154 creatures vanquished

Notes
Turn   | Place    | Note
-------+----------+-------------------------------------------
     0 | D:5      | Esekla the Octopode Delver began the quest for the Orb.
     0 | D:5      | Reached XP level 1. HP: 16/16 MP: 1/1
    14 | D:5      | Noticed an orc wizard
    16 | D:5      | Noticed an orc wizard
    18 | D:5      | Noticed Menkaure
    28 | D:5      | Found a staircase to the Ecumenical Temple.
    32 | Temple   | Entered the Ecumenical Temple
    63 | D:5      | Reached XP level 2. HP: 18/21 MP: 2/2
   153 | D:5      | Reached skill level 7 in Stealth
   170 | D:5      | Noticed an ogre
   231 | D:5      | Reached XP level 3. HP: 19/26 MP: 2/4
   499 | Temple   | Became a worshipper of Gozag Ym Sagoz the Greedy
   948 | D:3      | Reached skill level 1 in Spellcasting
   948 | D:3      | Reached XP level 4. HP: 25/31 MP: 5/5
  1008 | D:3      | Found a runed translucent door.
  1013 | D:3      | Noticed horus123's ghost (amateur DrEE)
  1311 | D:2      | Found a faded altar of an unknown god.
  1512 | D:1      | Reached XP level 5. HP: 36/36 MP: 6/6
  2904 | D:3      | Reached skill level 8 in Stealth
  3864 | D:4      | Noticed a black bear
  3867 | D:4      | Reached XP level 6. HP: 43/43 MP: 8/8
  3875 | D:4      | Killed a black bear
  4183 | D:4      | Gained mutation: Your spells are a little harder to cast,
                  | but a little more powerful. [potion of mutation]
  4184 | D:4      | HP: 2/43 [poisoned by a scorpion]
  4185 | D:4      | Reached XP level 7. HP: 3/48 MP: 10/10
  4651 | D:5      | Identified the +0 pair of gloves of Leaves {rF+ rC+ rCorr
                  | Slay-3}
  5151 | D:5      | Killed Menkaure
  5152 | D:5      | Reached skill level 1 in Short Blades
  5639 | D:6      | Noticed Prince Ribbit
  6209 | D:6      | Reached XP level 8. HP: 54/54 MP: 12/12
  6265 | D:6      | Reached skill level 9 in Stealth
  6548 | D:6      | Reached skill level 5 in Fighting
  6902 | D:5      | Reached skill level 1 in Throwing
  6902 | D:5      | Reached skill level 1 in Air Magic
  7748 | D:6      | Identified the ring of Amukue {rN++ Will+ Str-2 Int+3 SInv}
  7870 | D:6      | Reached skill level 5 in Dodging
  7999 | D:6      | Learned a level 3 spell: Swiftness
  8112 | D:7      | Reached skill level 5 in Long Blades
  8275 | D:7      | Reached XP level 9. HP: 61/61 MP: 15/15
  8330 | D:5      | Bought a book of Spatial Translocations for 270 gold pieces
  8335 | D:5      | Learned a level 4 spell: Airstrike
  8338 | D:5      | Learned a level 2 spell: Blink
  8708 | D:7      | Found Jigrarun's Armour Boutique.
  8762 | D:7      | Reached skill level 1 in Fire Magic
  9194 | D:8      | Reached skill level 1 in Translocations
  9196 | D:8      | Noticed Maurice
  9230 | D:8      | Noticed Psyche
  9294 | D:7      | Killed Psyche
  9724 | D:8      | Slain by a killer bee

Illustrated notes

Levels and vault maps discovered:
D:1:      dpeg_arrival_leaves_temple_mockup, layout_basic, chequers_avenue
D:2:      layout_loops_ring, hellmonk_ecumenical_altar_dog_temple,
          minmay_gold_behind_fungi
D:3:      layout_basic, ebering_ghost_sewer_d, grunt_decor_one_mirror
D:4:      layout_loops_ring
D:5:      layout_basic, minmay_temple_entry_steel_oval, uniq_menkaure
D:6:      layout_cave_pods, uniq_prince_ribbit1, uniq_pikel
D:7:      layout_basic, serial_shops, shop, serial_glass, glass_columns_b,
          glass_columns_b, patterned_corridor
D:8:      due_chaos_kobolds, layout_rooms, roderic_batcave,
          guppyfry_early_elven_hall, uniq_maurice, uniq_psyche
Temple:   nicolae_temple_bog_church

Skill      XL: |  1  2  3  4  5  6  7  8  9 |
---------------+----------------------------+-----
Stealth        | 7 8 9 |  9.5
Spellcasting   | 1 2 4 |  4.3
Dodging        | 3 5 |  5.4
Long Blades    | 3 4 5 |  5.6
Fighting       | 4 5 |  5.9
Short Blades   | 1 |  1.3
Throwing       | 1 |  1.2
Air Magic      | 2 |  2.6
Fire Magic     | 1 |  1.9
Translocations | 1 |  1.9
Evocations     | |  0.1

Action                     |  1- 3 |  4- 6 |  7- 9 || total
---------------------------+-------+-------+-------++-------
  Melee: Falchion          |    25 |    93 |   176 ||   294
         Constrict         |     7 |    28 |    57 ||    92
         Tentacles         |     7 |    27 |    68 ||   102
         Dagger            |     4 |    28 |    20 ||    52
         Punch             |       |     5 |    26 ||    31
         Long sword        |       |       |    66 ||    66
  Throw: Dart              |       |     2 |    17 ||    19
 Invoke: Call Merchant     |       |       |     1 ||     1
  Evoke: Wand              |       |       |     3 ||     3
    Use: Scroll            |     2 |       |     8 ||    10
         Potion            |     1 |     3 |     6 ||    10
   Stab: Sleeping          |     2 |    16 |    11 ||    29
         Distracted        |       |     1 |     1 ||     2
 Armour: Skin              |    24 |    48 |   149 ||   221
  Dodge: Dodged            |    37 |    66 |   185 ||   288

Table legend: (Time is in decaauts)
 A = Elapsed time spent in this place.
 B = Non-inter-level travel time spent in this place.
 C = Inter-level travel time spent in this place.
 D = Time resting spent in this place.
 E = Time spent auto-exploring this place.
 F = Levels seen in this place.
 G = Mean time per level.
                   A        B        C        D        E       F      G
               +--------+--------+--------+--------+--------+-----+--------+
         Total |   9702 |   9444 |    258 |   2113 |   2753 |   9 | 1078.0 |
       Dungeon |   9660 |   9402 |    258 |   2090 |   2753 |   8 | 1207.5 |
        Temple |     42 |     42 |      0 |     23 |      0 |   1 |   42.0 |
               +--------+--------+--------+--------+--------+-----+--------+

Top non-repeatable levels by time:
     D:6: 1892 daAuts
     D:7: 1658 daAuts
     D:5: 1548 daAuts
     D:4: 1424 daAuts
     D:3: 1242 daAuts
     D:1: 974 daAuts
     D:2: 704 daAuts
     D:8: 216 daAuts
  Temple: 42 daAuts
